 Dungeon Crawl Stone Soup version 0.26.1-11-gd32895ea62 (webtiles) character file.

Game seed: 11651745080051009830

501 Dunkash the Covert (level 7, 0/41 HPs)
             Began as a Kobold Brigand on May 30, 2021.
             Slain by a hound (5 damage)
             ... on level 4 of the Dungeon.
             The game lasted 00:29:11 (5469 turns).

Dunkash the Covert (Kobold Brigand)                 Turns: 5469, Time: 00:29:11

Health: 0/41       AC:  4    Str:  8    XL:     7   Next: 40%
Magic:  7/7        EV: 17    Int: 12    God:
Gold:   167        SH:  0    Dex: 19    Spells: 6/6 levels left

rFire    . . .     SeeInvis .   a - +2 dagger
rCold    . . .     Faith    .   (shield restricted)
rNeg     . . .     Spirit   .   b - +0 robe
rPois    .         Reflect  .   (no helmet)
rElec    .         Harm     .   c - +0 cloak
rCorr    .         Rampage  .   (no gloves)
Will     .....                  r - +0 pair of boots
Stlth    +++++.....             (no amulet)
HPRegen  0.13/turn              (no ring)
MPRegen  0.10/turn              (no ring)

@: no status effects
A: small, nightstalker 3
a: no special abilities


You were on level 4 of the Dungeon.
You visited 1 branch of the dungeon, and saw 5 of its levels.

You collected 167 gold pieces.

Inventory:

Hand Weapons
 a - a +2 dagger (weapon)
 q - a +0 short sword
 u - a cursed -3 hunting sling
Missiles
 d - 16 poisoned darts (quivered)
 m - 3 silver javelins
 v - 7 javelins
Armour
 b - a +0 robe (worn)
 c - a +0 cloak (worn)
 g - a +0 robe
 k - a +0 leather armour
 r - a +0 pair of boots (worn)
 y - a +0 robe
Jewellery
 j - an uncursed ring of fire {unknown}
 n - an uncursed amulet of faith {unknown}
 p - a +6 ring of strength {unknown}
 w - an uncursed ring of stealth {unknown}
 A - a cursed ring of protection from cold
Wands
 C - a wand of polymorph (9)
 F - a wand of acid (6)
Scrolls
 i - 5 scrolls of identify
 l - a scroll of noise
 s - a scroll of teleportation
 t - a scroll of remove curse
 z - a scroll of fog {unknown}
 B - 2 scrolls of fear {unknown}
 D - a scroll of amnesia {unknown}
Potions
 f - a potion of curing
 h - 4 potions of brilliance {unknown}
 o - 2 potions of flight {unknown}
 x - a potion of haste {unknown}
 E - a potion of invisibility {unknown}


   Skills:
 + Level 3.2 Fighting
 + Level 5.5 Short Blades
 + Level 2.9 Throwing
 + Level 3.5 Dodging
 + Level 8.7 Stealth


You had 6 spell levels left.
You didn't know any spells.
Your spell library was empty.

Dungeon Overview and Level Annotations

Branches:
Dungeon (5/15)
 Temple: D:4-7

Altars:
The Shining One

Annotations:
D:4 Menkaure


Innate Abilities, Weirdness & Mutations

You are small and have problems with some larger weapons.
You are completely attuned to the shadows.


Message History

* * * LOW HITPOINT WARNING * * *
A quokka and a hound come into view.
Menkaure calls on the powers of darkness!
Your body is wracked with pain!
* * * LOW HITPOINT WARNING * * *
Found a war axe.
The ball python hisses angrily.
The hound bites you but does no damage.
As you read the scroll of teleportation, it crumbles to dust.
You feel strangely unstable. The hound completely misses you.
The hound bites you.
* * * LOW HITPOINT WARNING * * *
The hound barely misses you.
Your surroundings seem slightly different.
The hound pauses to sniff the ground.
The hound completely misses you. The hound misses you.
The hound barely misses you.
There is a stone staircase leading up here.
The hound bites you.
You die...

##....... ##........
##..#......
##..#...<... ..#
###..#......## . #.##
##...##......#
#.##..####..##........#
.......##..#...#.#.####
#.>..@...........#
.#.....h..######.##
..........######.#
.......#.#r..##...#
.......#...#.#..###
..............######
...................)...
......#...#####..
....#...#....##..


You could see a hound and a quokka.

Vanquished Creatures
  A phantom (D:5)
  An ogre (D:4)
  A howler monkey (D:4)
  3 hounds (D:4)
  An orc wizard (D:3)
  6 adders
  6 worms
  6 dart slugs
  3 leopard geckos
  3 orcs (D:3)
  8 bats
  5 giant cockroaches
  5 goblins
  12 hobgoblins
  7 jackals (D:2)
  A quokka (D:3)
  A ball python (D:1)
  4 frilled lizards
  11 kobolds
  A quokka skeleton (D:4)
  8 rats
94 creatures vanquished.

Notes
Turn   | Place    | Note
-------+----------+-------------------------------------------
     0 | D:1      | Dunkash the Kobold Brigand began the quest for the Orb.
     0 | D:1      | Reached XP level 1. HP: 12/12 MP: 1/1
   260 | D:1      | Reached XP level 2. HP: 17/17 MP: 2/2
   511 | D:1      | Reached XP level 3. HP: 21/21 MP: 3/3
   516 | D:1      | Reached skill level 6 in Stealth
  1436 | D:2      | Reached XP level 4. HP: 11/27 MP: 4/4
  1688 | D:2      | Found a glowing golden altar of the Shining One.
  1864 | D:2      | Reached skill level 7 in Stealth
  2191 | D:2      | Reached XP level 5. HP: 31/31 MP: 5/5
  3677 | D:3      | HP: 1/31 [orc wizard/+0 dagger (4)]
  4855 | D:3      | Reached XP level 6. HP: 36/36 MP: 6/6
  5105 | D:5      | Entered Level 5 of the Dungeon
  5105 | D:5      | Noticed a phantom
  5106 | D:5      | Killed a phantom
  5107 | D:5      | Reached skill level 8 in Stealth
  5206 | D:4      | Reached skill level 5 in Short Blades
  5290 | D:4      | Reached XP level 7. HP: 30/41 MP: 7/7
  5406 | D:4      | Noticed Menkaure
  5469 | D:4      | Slain by a hound

Illustrated notes

Levels and vault maps discovered:
D:1:      psy_arrival_basics, layout_basic, serial_curves, eino_curves_02,
          eino_curves_04, eino_curves_04
D:2:      layout_basic, nicolae_overflow_hidden_temple
D:3:      layout_basic
D:4:      layout_rooms, kennysheep_mini, grunt_ministairs_7, okawaru_gym_becter,
          uniq_menkaure
D:5:      layout_layer_cave, grunt_dithmenos_smoke_and_mirrors,
          minmay_temple_entry_stoned_glass, kennysheep_dice

Skill      XL: |  1  2  3  4  5  6 |
---------------+-------------------+-----
Short Blades   | 3 4 5 |  5.5
Stealth        | 6 7 8 |  8.7
Dodging        | 2 3 |  3.5
Fighting       | 3 |  3.2
Throwing       | |  2.9

Action                   |  1- 3 |  4- 6 |  7- 9 || total
-------------------------+-------+-------+-------++-------
Melee: Dagger            |    97 |   247 |    27 ||   371
Throw: Dart              |     1 |    14 |     3 ||    18
  Use: Scroll            |       |     5 |     1 ||     6
 Stab: Sleeping          |    18 |    32 |       ||    50
       Distracted        |       |     1 |       ||     1
Armor: Robe              |     8 |    29 |     2 ||    39
Dodge: Dodged            |    45 |   142 |    24 ||   211
